 Seeded DCSS version 0.29.1-15-g9cfb28693d (webtiles) character file.

Game seed: 1 (custom seed)

33879 Kazon the Fighter (level 13, -14/150 HPs)
             Began as an Ogre Fighter on Apr 12, 2023.
             Was a High Priest of Okawaru.
             Demolished by an orc warlord
             ... wielding a +2 glaive
              (31 damage)
             ... on level 2 of the Orcish Mines on Apr 13, 2023.
             The game lasted 01:29:48 (13520 turns).

Kazon the Fighter (Ogre Fighter)                   Turns: 13520, Time: 01:29:49

Health: -14/150    AC: 17    Str: 23    XL:     13   Next: 73%
Magic:  10/19      EV: 11    Int:  6    God:    Okawaru [*****.]
Gold:   745        SH:  0    Dex: 18    Spells: 12/12 levels left

rFire   + + +      SeeInvis .   r - +12 glaive of Prune {vorpal}
rCold   + + +      Faith    .   (shield currently unavailable)
rNeg    + + +      Spirit   .   f - +5 ice dragon scales "Deotziff" {Rampage rPois rF- rC++ rN++ Int-3}
rPois   +          Reflect  .   j - +0 hat
rElec   .          Harm     .   Q - scarf {rC+ rF+}
rCorr   .          Rampage  +   (gloves unavailable)
Will    +....                   (boots unavailable)
Stlth   ++........              T - amulet "Odemouw" {Contam rPois rF+++ Regen+ Stlth+}
HPRegen 1.15/turn               R - ring of positive energy
MPRegen 0.16/turn               u - +6 ring of dexterity

@: about to teleport, finesse-ful, studying Evocations
A: large, unfitting armour, tough skin 1, robust 1, devolution 1
a: Renounce Religion, Heroism, Finesse, Duel


You were on level 2 of the Orcish Mines.
You worshipped Okawaru.
Okawaru was extremely pleased with you.
You visited 4 branches of the dungeon, and saw 17 of its levels.
You also visited: Gauntlet.

You collected 1521 gold pieces.
You spent 776 gold pieces at shops.

Inventory:

Hand Weapons
 q - a +2 eveningstar
 r - the +12 glaive of Prune (weapon) {vorpal}
   (You found it in a Gauntlet)

   It inflicts extra damage upon your enemies.
   It halves damage taken while paralysed, petrified or unconscious.
 t - a +2 trident of protection
 x - a +1 hand axe of venom
Missiles
 a - 2 datura-tipped darts
 k - 2 large rocks
 l - 26 boomerangs
 s - a throwing net
 B - 4 curare-tipped darts
 G - 16 poisoned darts (quivered)
 M - 11 javelins
Armour
 c - a +0 kite shield
 f - the +5 ice dragon scales "Deotziff" (worn) {Rampage rPois rF- rC++ rN++ Int-3}
   (You acquired it on level 1 of the Dungeon)

   Int:       It affects your intelligence (-3).
   rF:        It makes you vulnerable to fire.
   rC:        It greatly protects you from cold.
   rPois:     It protects you from poison.
   rN:        It greatly protects you from negative energy.
   Rampage:   It bestows one free step when moving towards enemies.
 j - a +0 hat (worn)
 Q - a scarf of resistance (worn)
 X - a +0 kite shield of reflection
Jewellery
 h - the ring "Azxilac" {+Blink rPois rC+ Int-3 Dex+6}
   (You found it in a Gauntlet)

   [ring of dexterity]

   Int:       It affects your intelligence (-3).
   Dex:       It affects your dexterity (+6).
   rC:        It protects you from cold.
   rPois:     It protects you from poison.
   +Blink:    It lets you blink.
 u - a +6 ring of dexterity (right hand)
 R - a ring of positive energy (left hand)
 S - the ring "Mishoal" {*Corrode rElec rPois AC+4 Str+2}
   (You found it in a Gauntlet)

   [ring of protection]

   AC:        It affects your AC (+4).
   Str:       It affects your strength (+2).
   rElec:     It insulates you from electricity.
   rPois:     It protects you from poison.
   *Corrode:  It may corrode you when you take damage.
 T - the amulet "Odemouw" (around neck) {Contam rPois rF+++ Regen+ Stlth+}
   (You bought it in a shop on level 8 of the Dungeon)

   [amulet of regeneration]

   rF:        It renders you almost immune to fire.
   rPois:     It protects you from poison.
   Contam:    It causes magical contamination when unequipped.
   Regen:     It increases your rate of health regeneration.
   Stlth:     It makes you more stealthy.
Wands
 w - a wand of roots (10)
 y - a wand of flame (27)
 F - a wand of paralysis (27)
 I - a wand of mindburst (15)
 P - a wand of polymorph (11)
Scrolls
 i - 3 scrolls of identify
 m - a scroll of immolation
 o - 2 scrolls of noise {unknown}
 p - a scroll of poison
 v - a scroll of magic mapping {unknown}
 C - 4 scrolls of fog {unknown}
 D - 3 scrolls of enchant weapon {unknown}
 H - 3 scrolls of fear
 J - 2 scrolls of enchant armour {unknown}
 U - a scroll of amnesia
 W - a scroll of teleportation
Potions
 b - a potion of berserk rage
 d - 3 potions of might
 e - a potion of invisibility
 g - 2 potions of flight
 n - 2 potions of haste
 z - 6 potions of lignification
 A - 2 potions of cancellation
 E - a potion of curing
 O - a potion of mutation
Miscellaneous
 K - a phial of floods (inert)
 L - a condenser vane (inert)
 V - a tin of tremorstones (1/2)


   Skills:
 + Level 11.3 Fighting
 + Level 3.8(8.0) Axes
 + Level 3.1(3.9) Maces & Flails
 + Level 10.4(10.7) Polearms
 + Level 7.5 Throwing
 + Level 6.5 Armour
 + Level 6.3 Dodging
 + Level 4.3 Stealth
 + Level 8.4 Shields
 * Level 8.4 Invocations
 * Level 6.6 Evocations


You had 12 spell levels left.
You didn't know any spells.
Your spell library contained the following spells:

 Spells                   Type           Power      Damage    Failure   Level
 Apportation              Tloc           0%         N/A       80%         1
 Magic Dart               Conj           0%         1d3       80%         1
 Necrotise                Necr           0%         1d4       80%         1
 Sting                    Tmut/Pois      0%         1d3       80%         1
 Poisonous Vapours        Pois/Air       0%         N/A       91%         2
 Mephitic Cloud           Conj/Pois/Air  0%         N/A       99%         3
 Ozocubu's Armour         Ice            0%         N/A       99%         3
 Olgreb's Toxic Radiance  Pois           0%         N/A       100%        4
 Blade Hands              Tmut           0%         N/A       100%        5
 Fireball                 Conj/Fire      0%         3d3       100%        5
 Iskenderun's Battlesphe  Conj           0%         2d6       100%        5
 Metabolic Englaciation   Hex/Ice        0%         N/A       100%        5
 Conjure Ball Lightning   Conj/Air       0%         3x3d6     100%        6
 Iron Shot                Conj/Erth      0%         9d1       100%        6
 Orb of Destruction       Conj           0%         9d5       100%        7
 Summon Small Mammal      Summ           Unusable   N/A       N/A         1
 Call Imp                 Summ           Unusable   N/A       N/A         2
 Animate Armour           Summ/Erth      Unusable   N/A       N/A         4
 Simulacrum               Ice/Necr       Unusable   N/A       N/A         6

Dungeon Overview and Level Annotations

Branches:
Dungeon (12/15)            Temple (1/1) D:7            Lair (2/5) D:10
    Orc (2/2) D:12            Elf (0/3) Orc:2       Gauntlet (visited)
  Swamp: Lair:2-3    Shoals: Lair:2-3     Snake: Lair:2-3    Spider: Lair:2-3

Altars:
Ashenzari
Dithmenos
Elyvilon
Gozag
Hepliaklqana
Makhleb
Nemelex Xobeh
Okawaru
Qazlal
Uskayaw
Xom

Shops:
D:3 (   D:8 ?(==   D:10 :


Innate Abilities, Weirdness & Mutations

You are too large for most types of armour.
You have tough skin. (AC +1)
You are robust. (+10% HP)
You have hidden genetic defects.


Message History

You are returned from the Arena.
Welcome back to the Orcish Mines!
An orc warrior comes into view. It is wielding a +0 trident.
The orc warrior shouts!
The orc throws a boomerang.
The boomerang hits you. The orc warrior barely misses you.
The orc warrior hits you but does no damage.
Things that are here:
a +0 plate armour; a +0 battleaxe You hit the orc warrior.
You kill the orc warrior!
Okawaru accepts your kill.
You slash the orc knight!
The orc knight is severely wounded.
The orc throws a boomerang.
The boomerang hits you. The orc warrior misses you.
The orc knight roars a battlecry!
The orcs go into a battle-frenzy!
The orc warlord hits you from afar with a +2 glaive!!!
* * * LOW HITPOINT WARNING * * *
You hear a shout! x2
As you read the scroll of teleportation, it crumbles to dust.
You feel strangely unstable.
The orc knight hits you with a +0 long sword!
* * * LOW HITPOINT WARNING * * *
The orc warrior misses you. The orc warlord barely misses you.
Unknown command.
You hit the orc knight.
The orc knight is severely wounded.
You feel like a meek peon again.
Unknown command.
You feel much better.
The orc sorcerer wildly gestures.
The orc sorcerer shimmers violently.
The orc wizard mumbles some strange words.
The orc wizard flickers and vanishes!
Deactivating autopickup; reactivate with Ctrl-A.
The orc warrior hits you but does no damage.
The orc knight hits you with a +0 long sword!
* * * LOW HITPOINT WARNING * * *
The orc warlord hits you from afar with a +2 glaive!!
You die...

##..........#..#.
##.#.............
##..............
#.[..#.........
##..............
#.........#.....
#....(...#.#....
#.....o.[.......
#....o..@o....#.
#.#.....)ooo.(....
#...#........[((..(
##........#oo{.$..(
#.....$^.#...[[.(.
....#........[($..
##...........)(.(..
#.#.........(..o
#####.. .......


You could see an orc warlord (strong), an orc knight, an orc sorcerer (strong),
2 orc warriors and 3 orcs.

Vanquished Creatures
  Donald (Arena)
  A cacodemon (Gauntlet)
  A minotaur (Gauntlet)
  Fannar (Lair:2)
  A hell beast (Gauntlet)
  Erolcha (D:10)
  A catoblepas (Lair:2)
  A two-headed ogre (D:9)
  3 orc high priests (Orc:2)
  Urug (Orc:1)
  4 orc sorcerers
  An orc knight (Orc:2)
  An ugly thing (D:11)
  3 black mambas
  4 cane toads
  Maggie (D:6)
  4 kobold demonologists (D:11)
  8 komodo dragons
  A tengu conjurer (D:12)
  5 trolls
  Prince Ribbit (D:9)
  10 blink frogs (Lair:2)
  2 shadows
  A vampire (D:10)
  25 yaks
  2 wyverns
  2 basilisks
  Eustachio (D:5)
  3 neqoxecs (Gauntlet)
  2 steam dragons
  Menkaure (D:5)
  Edmund (D:6)
  2 wargs (Orc:1)
  2 acid dragons
  2 hell hounds (Gauntlet)
  5 water moccasins
  20 orc warriors
  An ice beast (D:8)
  5 sky beasts
  2 black bears (D:6)
  5 centaurs
  3 ogres
  A wolf (D:10)
  2 phantoms (D:6)
  3 kobold brigands
  3 necrophages
  4 bullfrogs
  A gnoll sergeant (D:7)
  5 scorpions
  21 wights
  3 killer bees (D:10)
  3 electric eels
  A howler monkey (D:5)
  2 jellies (D:6)
  6 hounds
  19 orc priests
  A gnoll bouda (D:7)
  6 iguanas
  17 orc wizards
  Robin (D:3)
  15 gnolls
  13 adders
  3 shadow imps
  2 white imps (D:7)
  An ufetubus (D:5)
  3 worms
  61 orcs
  11 endoplasms
  A giant cockroach (D:1)
  16 goblins
  9 hobgoblins
  A jackal (D:4)
  27 kobolds
  A quokka (D:1)
  5 ball pythons
  4 bats
  3 frilled lizards
  6 rats
423 creatures vanquished.

Vanquished Creatures (collateral kills)
  An orc warrior (Orc:2)
  4 orc priests (Orc:2)
  An orc wizard (Orc:2)
  5 orcs (Orc:2)
11 creatures vanquished.

Vanquished Creatures (others)
  An orc knight (Orc:2)
  A quokka (D:7)
  A bush (Lair:2)
  10 fungi
  14 plants
27 creatures vanquished.

Grand Total: 461 creatures vanquished

Notes
Turn   | Place    | Note
-------+----------+-------------------------------------------
     0 | D:1      | Kazon the Ogre Fighter began the quest for the Orb.
     0 | D:1      | Reached XP level 1. HP: 24/24 MP: 1/1
    34 | D:1      | Identified a scroll of acquirement
    34 | D:1      | Acquired the +5 ice dragon scales "Deotziff" {Rampage rPois
                  | rF- rC++ rN++ Int-3}
   163 | D:1      | Reached XP level 2. HP: 29/32 MP: 2/2
   680 | D:2      | Reached XP level 3. HP: 40/40 MP: 3/3
  1095 | D:2      | You fall into a shaft and drop 2 floors!
  1161 | D:4      | Reached XP level 4. HP: 49/49 MP: 4/4
  1169 | D:4      | Noticed a scorpion
  1180 | D:4      | Killed a scorpion
  1181 | D:4      | Reached XP level 5. HP: 49/55 MP: 5/5
  1298 | D:3      | Noticed Robin
  1324 | D:3      | Killed Robin
  1325 | D:3      | Reached skill level 1 in Throwing
  1375 | D:3      | Found Umat's Antique Weapon Boutique.
  1767 | D:3      | Reached skill level 1 in Armour
  1913 | D:3      | Reached skill level 5 in Fighting
  1913 | D:3      | Reached XP level 6. HP: 18/66 MP: 6/6
  2043 | D:3      | Reached skill level 7 in Fighting
  2043 | D:3      | Reached skill level 5 in Dodging
  2043 | D:3      | Reached skill level 5 in Shields
  2043 | D:3      | Reached XP level 7. HP: 54/79 MP: 7/7
  2367 | D:4      | Found a hazy altar of Hepliaklqana.
  2876 | D:5      | Entered Level 5 of the Dungeon
  2909 | D:5      | Noticed Eustachio
  2954 | D:5      | Killed Eustachio
  2955 | D:5      | Reached skill level 8 in Fighting
  2955 | D:5      | Reached XP level 8. HP: 55/88 MP: 8/8
  3156 | D:5      | Reached skill level 1 in Evocations
  3158 | D:5      | Noticed Menkaure
  3160 | D:5      | Killed Menkaure
  3649 | D:6      | Reached XP level 9. HP: 41/96 MP: 9/9
  3780 | D:7      | Found a staircase to the Ecumenical Temple.
  3789 | Temple   | Entered the Ecumenical Temple
  3909 | Temple   | Became a worshipper of Warmaster Okawaru
  4010 | D:7      | Found a hide-covered altar of Uskayaw.
  4202 | D:6      | Reached skill level 1 in Invocations
  4313 | D:6      | Reached * piety under Okawaru
  4608 | D:6      | Noticed Maggie
  4641 | D:6      | Killed Maggie
  4642 | D:6      | Reached XP level 10. HP: 51/106 MP: 9/11
  4730 | D:6      | Noticed Edmund
  4764 | D:6      | Killed Edmund
  5025 | D:7      | Reached ** piety under Okawaru
  5339 | D:7      | Found a white marble altar of Elyvilon.
  5878 | D:8      | Found Quzidd's Magic Scroll Emporium.
  5883 | D:8      | Bought a scroll of teleportation for 42 gold pieces
  6145 | D:8      | Found Esumer's Weapon Shop.
  6445 | D:8      | Found Zoxtaeshakh's Jewellery Boutique.
  6505 | D:8      | Found Heidghoki's Jewellery Shop.
  6900 | D:9      | HP: 2/106 [shadow (7)]
  6905 | D:9      | Reached skill level 9 in Fighting
  7568 | D:9      | Noticed a two-headed ogre
  7580 | D:9      | Reached skill level 5 in Armour
  7593 | D:9      | Killed a two-headed ogre
  7593 | D:9      | Reached *** piety under Okawaru
  7601 | D:9      | Noticed Prince Ribbit
  7617 | D:9      | Reached XP level 11. HP: 36/115 MP: 13/13
  7646 | D:9      | Killed Prince Ribbit
  7684 | D:9      | Received a gift from Okawaru
  7971 | D:10     | Entered Level 10 of the Dungeon
  8077 | D:10     | Found a staircase to the Lair.
  8140 | D:10     | Noticed Erolcha
  8159 | D:10     | Killed Erolcha
  8159 | D:10     | Reached **** piety under Okawaru
  8179 | D:10     | Identified the +5 long sword of the Land of Plenty {drain,
                  | Dex+3}
  8393 | D:10     | Found Juagoaq's Book Shoppe.
  8565 | D:10     | Received a gift from Okawaru
  8566 | D:10     | Reached skill level 1 in Axes
  8974 | D:10     | Reached skill level 5 in Invocations
  9362 | D:11     | Noticed a green ugly thing
  9373 | D:11     | Killed a green ugly thing
  9418 | D:11     | Reached ***** piety under Okawaru
  9813 | D:8      | Bought the amulet "Odemouw" {Contam rPois rF+++ Regen+
                  | Stlth+} for 734 gold pieces
  9914 | Lair:1   | Entered Level 1 of the Lair of Beasts
  9987 | Lair:1   | Reached skill level 5 in Evocations
  9987 | Lair:1   | Reached XP level 12. HP: 110/124 MP: 16/16
 10178 | Lair:1   | Received a gift from Okawaru
 10222 | Lair:1   | Found the +2 Maxwell's thermic engine {flame, freeze}
 10560 | Lair:2   | Reached skill level 10 in Fighting
 10647 | Lair:2   | Noticed Fannar
 10710 | Lair:2   | Killed Fannar
 10771 | Lair:2   | Noticed a catoblepas
 10834 | Lair:2   | Killed a catoblepas
 10834 | Lair:2   | Received a gift from Okawaru
 10967 | Lair:2   | Received a gift from Okawaru
 11900 | D:11     | Reached skill level 10 in Polearms
 12304 | D:11     | Received a gift from Okawaru
 12304 | D:11     | Found the +4 robe of Folly {Brilliance Will-∞ Int+8}
 12305 | D:11     | Reached XP level 13. HP: 120/135 MP: 18/18
 12408 | D:12     | Found a staircase to the Orcish Mines.
 12566 | Orc:1    | Entered Level 1 of the Orcish Mines
 12574 | Orc:1    | Noticed Urug
 12600 | Orc:1    | Killed Urug
 13008 | Orc:2    | Entered Level 2 of the Orcish Mines
 13008 | Orc:2    | Found a staircase to the Elven Halls.
 13008 | Orc:2    | Noticed an orc warlord
 13011 | Orc:2    | Reached skill level 1 in Maces & Flails
 13014 | Orc:2    | Reached skill level 11 in Fighting
 13032 | Orc:2    | Found a gate leading to a gauntlet.
 13039 | Gauntlet | Entered a Gauntlet
 13039 | Gauntlet | Found a transporter.
 13042 | Gauntlet | Found a transporter.
 13043 | Gauntlet | Found a runed translucent door.
 13045 | Gauntlet | Found a transporter.
 13046 | Gauntlet | Noticed a quicksilver ooze
 13048 | Gauntlet | Found a transporter.
 13049 | Gauntlet | Found a transporter.
 13053 | Gauntlet | Found a runed translucent door.
 13057 | Gauntlet | Found a transporter.
 13057 | Gauntlet | Found the +12 glaive of Prune {vorpal}
 13058 | Gauntlet | Found a transporter.
 13058 | Gauntlet | Noticed a cacodemon
 13151 | Gauntlet | Identified the ring "Azxilac" {+Blink rPois rC+ Int-3
                  | Dex+6}
 13224 | Gauntlet | Found a runed translucent door.
 13294 | Gauntlet | Killed a cacodemon
 13294 | Gauntlet | Gained mutation: You have hidden genetic defects. [a
                  | neqoxec]
 13305 | Gauntlet | Gained mutation: You are robust. (+10% HP) [a neqoxec]
 13319 | Gauntlet | Identified the ring "Mishoal" {*Corrode rElec rPois AC+4
                  | Str+2}
 13377 | Gauntlet | Noticed a minotaur
 13384 | Gauntlet | Killed a minotaur
 13473 | Orc:2    | Noticed Donald
 13485 | Arena    | Entered the Arena
 13495 | Arena    | Killed Donald
 13518 | Orc:2    | HP: 7/150 [orc knight/+0 long sword (12)]
 13520 | Orc:2    | Demolished by an orc warlord

Illustrated notes

Levels and vault maps discovered:
D:1:      dpeg_arrival_three_smaller_balls, layout_basic
D:2:      layout_loops_ring
D:3:      layout_basic, serial_shops, nicolae_shop_stone, st_stairs_9,
          minmay_misc_feat_doors, eino_curves_03, uniq_robin
D:4:      minmay_wonky_spiral, layout_basic,
          mainiacjoe_overflow_surrounded_room, minivault_5
D:5:      layout_cave_pods, uniq_menkaure, uniq_eustachio
D:6:      cheibrodos_barr_body, layout_basic, minmay_crystal_room,
          minmay_pentangle, uniq_maggie, uniq_edmund
D:7:      layout_cave_pools, nicolae_uskayaw_murder_on_the_dancefloor,
          elyvilon_altar_4, minmay_temple_entry_purple_smoke
D:8:      layout_basic, serial_shops, shop_statue, kennysheep_little_box, shop,
          nicolae_shop_window_shopping
D:9:      layout_cave_pools, uniq_prince_ribbit1
D:10:     layout_stronghold, erik_lair_island, serial_shops,
          nicolae_shop_statue_plus, uniq_erolcha
D:11:     layout_roguey
D:12:     layout_loops_ring, orc_0_dummy, chequers_serial_rivers_marsh,
          uniq_lodul, uniq_nessos, uniq_rupert
Temple:   nicolae_temple_bog_church
Lair:1:   layout_long_grid, fungi_pond_lemuel, cheibrodos_lair_reptile_den
Lair:2:   layout_gridlike, uniq_fannar
Orc:1:    layout_caves, basic_altar, uniq_urug
Orc:2:    st_orc_congregation, layout_caves, gauntlet_entry_generic,
          hellmonk_ghost_happy_afterlife, uniq_donald

Skill      XL: |  1  2  3  4  5  6  7  8  9 10 11 12 13 |
---------------+----------------------------------------+-----
Polearms       | 3 4 6 7 8 10 | 10.4
Throwing       | 1 6 7 |  7.5
Armour         | 1 3 4 5 6 |  6.5
Fighting       | 5 7 8 9 10 11 | 11.3
Dodging        | 5 6 |  6.3
Stealth        | 3 4 |  4.3
Shields        | 5 6 7 8 |  8.4
Evocations     | 1 2 3 5 6 |  6.6
Invocations    | 2 3 5 7 8 |  8.4
Axes           | 3 |  3.8
Maces & Flails | 3 |  3.1

Action                   |  1- 3 |  4- 6 |  7- 9 | 10-12 | 13-15 || total
-------------------------+-------+-------+-------+-------+-------++-------
Melee: Trident           |    93 |   114 |   435 |   541 |    98 ||  1281
       Spear             |       |       |       |   387 |       ||   387
       Hand axe          |       |       |       |   193 |    59 ||   252
       Halberd           |       |       |       |    54 |       ||    54
       Eveningstar       |       |       |       |       |    67 ||    67
       Glaive            |       |       |       |       |    23 ||    23
Throw: Stone             |     9 |    12 |    22 |    90 |       ||   133
       Boomerang         |       |       |    35 |    14 |       ||    49
       Dart              |       |       |       |    14 |    23 ||    37
       Large rock        |       |       |       |     3 |       ||     3
       Javelin           |       |       |       |       |     1 ||     1
Invok: Heroism           |       |       |     2 |    17 |     6 ||    25
       Finesse           |       |       |       |     1 |     3 ||     4
       Duel              |       |       |       |       |     1 ||     1
Evoke: Wand              |       |       |     5 |    12 |       ||    17
       Phial of floods   |       |       |       |       |     1 ||     1
       Tin of tremorston |       |       |       |       |     1 ||     1
       Condenser vane    |       |       |       |       |     1 ||     1
  Use: Scroll            |     1 |       |     8 |     5 |     4 ||    18
       Potion            |       |     1 |     3 |     4 |     2 ||    10
 Stab: Sleeping          |       |       |       |     6 |     2 ||     8
       Paralysed         |       |       |       |     8 |       ||     8
       Petrified         |       |       |       |     7 |       ||     7
       Distracted        |       |       |       |     3 |     1 ||     4
Armor: Robe              |     4 |       |       |       |       ||     4
       Ice dragon scales |    45 |    54 |   236 |   346 |    91 ||   772
       Troll leather arm |       |       |       |    27 |       ||    27
Dodge: Dodged            |    33 |    32 |   138 |   309 |    85 ||   597
Block: Kite shield       |    25 |    58 |   180 |   422 |   155 ||   840
